[Event "Titled Tuesday Blitz November 16 2021"]
[White "Weetik, Vjacheslav"]
[Black "Czopor, Maciej"]
[WhiteFideId "4153472"]
[BlackFideId "21805431"]
[WhiteElo "2469"]
[BlackElo "1999"]
[Result "1-0"]
[Round "06"]
[TimeControl "180+1"]
[Date "2021.11.16"]
[WhiteClock "0:00:12"]
[BlackClock "0:00:01"]

1. Nf3 Nf6 2. g3 d5 3. Bg2 c5 4. O-O e6 5. d4 cxd4 6. Nxd4 e5 7. Nb3 Be6 8. c4 Nc6 9. cxd5 Nxd5 10. Nc3 Nxc3 11. bxc3 Be7 12. Be3 O-O 13. Nc5 Bxc5 14. Bxc5 Qxd1 15. Rfxd1 Rfd8 16. Rdb1 Rd7 17. a4 Rc8 18. a5 a6 19. Be3 f6 20. Rb6 Kf7 21. f4 Rcc7 22. Kf2 Bc4 23. Rxb7 Rxb7 24. Bxc6 Bb5 25. Bxb7 Rxb7 26. Bc5 Rd7 27. Ke3 Ke6 28. Rc1 Rc7 29. Bb4 Rc4 30. Rd1 Rc7 31. Rd6+ Kf7 32. Rb6 h6 33. fxe5 fxe5 34. g4 Rd7 35. h4 Kg8 36. g5 hxg5 37. hxg5 Kf7 38. g6+ Ke8 39. Re6+ Kd8 40. Rxe5 Rd6 41. Bxd6 1-0


[Site "https://www.chess.com"]

[Event "Titled Tuesday Blitz November 16 2021"]
[White "Xiong, Jeffery"]
[Black "Paravyan, David"]
[WhiteFideId "2047640"]
[BlackFideId "4194985"]
[WhiteElo "2699"]
[BlackElo "2639"]
[Result "0-1"]
[Round "06"]
[TimeControl "180+1"]
[Date "2021.11.16"]
[WhiteClock "0:00:04"]
[BlackClock "0:00:08"]

1. d4 Nf6 2. c4 g6 3. Nc3 d5 4. Nf3 Bg7 5. h4 dxc4 6. e4 c5 7. d5 b5 8. h5 Nxh5 9. Nxb5 Bg4 10. Bxc4 Nd7 11. Kf1 O-O 12. Be2 Qb8 13. Nc3 Nf4 14. Rh4 h5 15. Bb5 Bxc3 16. Bxd7 Bf6 17. Rxg4 hxg4 18. Nh2 Rd8 19. Bc6 Nxd5 20. exd5 Qxh2 21. Bxa8 Qh1+ 22. Ke2 Qxd1+ 23. Kxd1 Rxa8 24. Be3 Rd8 25. Ke2 Rxd5 26. Rc1 Bd4 27. Rc4 Re5 28. Kd3 g3 29. Bxd4 cxd4 30. f4 Re1 31. Rc2 Rf1 32. Ke4 Rf2 33. Rc8+ Kg7 34. Kxd4 Rxg2 0-1


[Site "https://www.chess.com"]

[Event "Titled Tuesday Blitz November 16 2021"]
[White "Yeletsky, Ivan"]
[Black "Dronavalli, Harika"]
[WhiteFideId "24180327"]
[BlackFideId "5015197"]
[WhiteElo "2352"]
[BlackElo "2422"]
[Result "0-1"]
[Round "06"]
[TimeControl "180+1"]
[Date "2021.11.16"]
[WhiteClock "0:00:01"]
[BlackClock "0:00:16"]

1. e4 e6 2. Nf3 d5 3. Nc3 Nf6 4. e5 Ne4 5. Ne2 Ng5 6. Nfg1 h6 7. f4 Nh7 8. Nf3 c5 9. d4 Nc6 10. Be3 b6 11. g3 Ba6 12. Bh3 g6 13. O-O Qc7 14. Rf2 Be7 15. c3 Nf8 16. Nc1 Nd7 17. b3 Bb7 18. Nd3 a5 19. Rc1 Ba6 20. c4 dxc4 21. bxc4 cxd4 22. Nxd4 Nxd4 23. Bxd4 Bb7 24. Bg2 Bxg2 25. Kxg2 Rd8 26. Qf3 Nc5 27. Bxc5 Bxc5 28. Rff1 Kf8 29. Rcd1 Kg7 30. g4 h5 31. f5 hxg4 32. f6+ Kg8 33. Qxg4 Rd4 34. Rf4 Qc6+ 35. Kg3 Rd7 36. Nxc5 bxc5 37. Qe2 Rh5 38. Rxd7 Qxd7 39. Rh4 Rg5+ 40. Rg4 Rf5 41. Rf4 Rh5 42. Rh4 Rxh4 43. Kxh4 Qd4+ 44. Kg3 a4 45. h4 a3 46. h5 g5 47. Kh3 Kh7 48. Qf3 Kh6 49. Qxa3 Qxe5 50. Qf3 Qd4 51. a4 Qh4+ 52. Kg2 Qe1 53. Qa3 Qd2+ 54. Kg1 Qe1+ 55. Kg2 Qe4+ 56. Kg1 Qd4+ 57. Kg2 Kxh5 58. a5 g4 59. a6 Qe4+ 60. Kg1 Qe1+ 61. Kg2 Qe2+ 62. Kg1 Kh4 63. a7 g3 64. Qc1 Qf2+ 65. Kh1 Qh2# 0-1


[Site "https://www.chess.com"]

[Event "Titled Tuesday Blitz November 16 2021"]
[White "Zierk, Steven"]
[Black "Zhigalko, Sergei"]
[WhiteFideId "2034255"]
[BlackFideId "13502956"]
[WhiteElo "2494"]
[BlackElo "2662"]
[Result "1-0"]
[Round "06"]
[TimeControl "180+1"]
[Date "2021.11.16"]
[WhiteClock "0:00:07"]
[BlackClock "0:00:02"]

1. b3 e5 2. Bb2 d6 3. Nf3 Nf6 4. c4 Be7 5. e3 O-O 6. d4 e4 7. Nfd2 c6 8. d5 Na6 9. Nc3 Bf5 10. Be2 Nc5 11. b4 Nd3+ 12. Bxd3 exd3 13. e4 Bg6 14. Qf3 Qb6 15. a3 a5 16. b5 Nd7 17. Qxd3 Nc5 18. Qe3 Bf6 19. O-O Rfe8 20. Nb3 cxb5 21. Nxc5 Qxc5 22. Qxc5 dxc5 23. cxb5 Bxc3 24. Bxc3 Rxe4 25. d6 b6 26. Rfe1 Rd8 27. Rxe4 Bxe4 28. Re1 Bd3 29. a4 f6 30. Re6 Bc4 31. Re7 Rxd6 32. h4 h5 33. Rc7 Bb3 34. Rc6 Rxc6 35. bxc6 Bxa4 36. c7 Bd7 37. f3 Kf7 38. Kf2 Ke6 39. Bd2 Bc8 40. Ke2 Kd7 41. Bf4 Ba6+ 42. Kd2 a4 43. g4 hxg4 44. fxg4 b5 45. Be3 Kxc7 46. Bxc5 g6 47. Be7 f5 48. h5 1-0


[Site "https://www.chess.com"]

[Event "Titled Tuesday Blitz November 16 2021"]
[White "Aditya Mittal"]
[Black "Terry, Renato"]
[WhiteFideId "35042025"]
[BlackFideId "3803457"]
[WhiteElo "2245"]
[BlackElo "2577"]
[Result "1-0"]
[Round "07"]
[TimeControl "180+1"]
[Date "2021.11.16"]
[WhiteClock "0:00:21"]
[BlackClock "0:00:16"]

1. d4 e6 2. c4 Bb4+ 3. Nd2 Nf6 4. g3 O-O 5. Bg2 d6 6. Nf3 Qe7 7. O-O e5 8. Nb3 exd4 9. Nfxd4 Na6 10. Qc2 Re8 11. e3 c6 12. a3 Bc5 13. Nxc5 Nxc5 14. b4 Nce4 15. Bb2 h5 16. f3 Ng5 17. Rae1 h4 18. Nf5 Bxf5 19. Qxf5 Nfh7 20. gxh4 Ne6 21. h5 Qh4 22. f4 Re7 23. Rd1 Rd8 24. Rf3 Nf6 25. Rg3 Kf8 26. Bf3 Ng8 27. Rh3 Nh6 28. Qxe6 Rxe6 29. Rxh4 Rxe3 30. Kf2 Rb3 31. Rd2 a5 32. Bd1 Nf5 33. Bxb3 Nxh4 34. Bc2 axb4 35. axb4 Ra8 36. Kg3 Ra2 37. Bb1 1-0


[Site "https://www.chess.com"]

[Event "Titled Tuesday Blitz November 16 2021"]
[White "Aloma Vidal, Robert"]
[Black "Bernadskiy, Vitaliy"]
[WhiteFideId "2260409"]
[BlackFideId "14100371"]
[WhiteElo "2435"]
[BlackElo "2510"]
[Result "0-1"]
[Round "07"]
[TimeControl "180+1"]
[Date "2021.11.16"]
[WhiteClock "0:00:36"]
[BlackClock "0:01:42"]

1. e4 e5 2. Nf3 d6 3. d4 exd4 4. Nxd4 Nf6 5. Nc3 g6 6. g3 Bg7 7. Bg2 O-O 8. O-O Re8 9. h3 Nbd7 10. Nb3 Rb8 11. a4 a6 12. a5 Ne5 13. Nd5 Nxd5 14. exd5 Nd7 15. c3 Nf6 16. Nd4 Bd7 17. Be3 Qe7 18. Qd2 Qf8 19. Rfe1 Re7 20. Bf4 Rbe8 21. Kf1 Ne4 22. Qc2 Nc5 23. b4 Bxd4 24. Rxe7 Bb5+ 25. Kg1 Qxe7 26. cxd4 Nd3 27. Bd2 Qe2 28. Rf1 Nxb4 29. Qc1 Nd3 30. Qc3 h5 31. Bg5 Ne1 0-1


[Site "https://www.chess.com"]

[Event "Titled Tuesday Blitz November 16 2021"]
[White "Andreikin, Dmitry"]
[Black "Zierk, Steven"]
[WhiteFideId "4158814"]
[BlackFideId "2034255"]
[WhiteElo "2736"]
[BlackElo "2494"]
[Result "1-0"]
[Round "07"]
[TimeControl "180+1"]
[Date "2021.11.16"]
[WhiteClock "0:00:24"]
[BlackClock "0:00:05"]

1. d4 d5 2. Nf3 Nf6 3. c4 c6 4. e3 Bf5 5. Nc3 e6 6. Nh4 Be4 7. f3 Bg6 8. Nxg6 hxg6 9. Qb3 Qc7 10. Bd2 Nbd7 11. cxd5 exd5 12. O-O-O O-O-O 13. Kb1 Rxh2 14. Rxh2 Qxh2 15. e4 dxe4 16. fxe4 Qh4 17. Be1 Qg4 18. e5 Nxe5 19. dxe5 Qf5+ 20. Ka1 Rxd1+ 21. Qxd1 Qxf1 22. exf6 gxf6 23. Bg3 Qxg2 24. Qg4+ f5 25. Qf4 Kd7 26. a3 Be7 27. Qc7+ Ke6 28. Qe5+ Kd7 29. Ka2 Qf1 30. Qc7+ Ke6 31. Qc8+ Kf6 32. Qh8+ Ke6 33. Qe5+ Kd7 34. Ne2 Qg2 35. Qc7+ Ke8 36. Nc3 Qf1 37. Qxb7 Qc4+ 38. Ka1 f4 39. Qb8+ Kd7 40. Bxf4 g5 41. Qc7+ Ke8 42. Qc8+ Bd8 43. Bxg5 f6 44. Be3 Qf1+ 45. Nb1 Qb5 46. Qe6+ Be7 47. Bxa7 f5 48. Nc3 Qf1+ 49. Ka2 Kf8 50. Bb8 f4 51. Qf5+ 1-0


[Site "https://www.chess.com"]

[Event "Titled Tuesday Blitz November 16 2021"]
[White "Baskin, Robert"]
[Black "Ahmadzada, Ahmad"]
[WhiteFideId "24662402"]
[BlackFideId "13413007"]
[WhiteElo "2488"]
[BlackElo "2226"]
[Result "0-1"]
[Round "07"]
[TimeControl "180+1"]
[Date "2021.11.16"]
[WhiteClock "0:00:07"]
[BlackClock "0:01:15"]

1. e4 c5 2. Nf3 a6 3. Nc3 e6 4. d4 cxd4 5. Nxd4 d6 6. Be3 Nf6 7. Be2 Be7 8. g4 Nfd7 9. a3 b5 10. g5 Bb7 11. Qd2 Nc6 12. Nxc6 Bxc6 13. O-O-O Qa5 14. f3 Rb8 15. Kb1 Ne5 16. f4 Nc4 17. Bxc4 bxc4 18. Ka1 d5 19. Qd4 Rxb2 20. Kxb2 Bxa3+ 21. Ka2 Bb4+ 22. Kb2 Qa3+ 23. Kb1 Bxc3 24. Qxc3 Qxc3 25. Bd4 Qb4+ 26. Kc1 c3 0-1


[Site "https://www.chess.com"]

[Event "Titled Tuesday Blitz November 16 2021"]
[White "Bologan, Victor"]
[Black "Triapishko, Alexandr"]
[WhiteFideId "13900048"]
[BlackFideId "14122286"]
[WhiteElo "2472"]
[BlackElo "2479"]
[Result "0-1"]
[Round "07"]
[TimeControl "180+1"]
[Date "2021.11.16"]
[WhiteClock "0:00:01"]
[BlackClock "0:00:08"]

1. e4 c6 2. d4 d5 3. e5 Bf5 4. Nf3 e6 5. Be2 Ne7 6. O-O c5 7. c4 Nbc6 8. dxc5 d4 9. Qa4 Ng6 10. b4 d3 11. Rd1 Be7 12. Bf1 a5 13. b5 Ncxe5 14. Nxe5 Nxe5 15. Bb2 Ng4 16. b6+ Kf8 17. Rd2 Bxc5 18. Ba3 Qd6 19. Bxc5 Qxc5 20. Qa3 Qb4 21. Bxd3 Bxd3 22. Rxd3 Ne5 23. Qxb4+ axb4 24. Rb3 Rd8 25. Kf1 Nc6 26. Ke1 Nd4 27. Rb2 Rd6 28. Nd2 Rxb6 29. Rab1 Ke7 30. Kd1 Ra8 31. Rxb4 Rxb4 32. Rxb4 Rxa2 0-1


[Site "https://www.chess.com"]

[Event "Titled Tuesday Blitz November 16 2021"]
[White "Czopor, Maciej"]
[Black "Maly, Alexey"]
[WhiteFideId "21805431"]
[BlackFideId "14103184"]
[WhiteElo "1999"]
[BlackElo "2294"]
[Result "0-1"]
[Round "07"]
[TimeControl "180+1"]
[Date "2021.11.16"]
[WhiteClock "0:00:01"]
[BlackClock "0:00:25"]

1. e4 c6 2. d4 d5 3. e5 Bf5 4. Nd2 e6 5. Nb3 Nd7 6. Nf3 h6 7. Be2 Ne7 8. O-O Bg6 9. Bd2 Nf5 10. g4 Nh4 11. Nxh4 Qxh4 12. f4 h5 13. Be1 Qe7 14. f5 exf5 15. gxh5 Qg5+ 16. Bg3 Bxh5 17. Bxh5 Rxh5 18. Qe2 O-O-O 19. e6 fxe6 20. Qxe6 g6 21. Rae1 Rh7 22. Na5 f4 23. Rxf4 Re7 24. Rg4 Qd2 25. Nxc6 Qxe1+ 26. Qxe1 Rxe1+ 27. Bxe1 bxc6 28. Rxg6 Kb7 29. h4 Be7 30. h5 Bf6 31. c3 Rh8 32. h6 Kc7 33. Bg3+ Kd8 34. Kg2 Ke7 35. Bf4 Kf7 36. Rg3 Rg8 37. Rxg8 Kxg8 38. Kf3 Kh7 39. Ke2 Be7 40. Kd3 Bf8 41. c4 Bxh6 42. Bd6 Bf8 0-1


[Site "https://www.chess.com"]

[Event "Titled Tuesday Blitz November 16 2021"]
[White "Djordjevic, Vuk"]
[Black "Demchenko, Anton"]
[WhiteFideId "902098"]
[BlackFideId "4160258"]
[WhiteElo "2463"]
[BlackElo "2583"]
[Result "0-1"]
[Round "07"]
[TimeControl "180+1"]
[Date "2021.11.16"]
[WhiteClock "0:00:01"]
[BlackClock "0:00:07"]

1. d4 Nf6 2. Bg5 g6 3. Bxf6 exf6 4. c4 d5 5. cxd5 Qxd5 6. Nc3 Qd8 7. e3 c6 8. g3 Bd6 9. Bg2 Qe7 10. Nge2 h5 11. h4 Bg4 12. Qb3 Na6 13. O-O Rb8 14. Rfe1 O-O 15. d5 c5 16. Nb5 Nc7 17. Nxd6 Qxd6 18. Nc3 Bf5 19. e4 Bg4 20. e5 fxe5 21. Ne4 Qb6 22. Qc4 Nb5 23. Qxc5 Qxc5 24. Nxc5 Rfe8 25. Rac1 Kg7 26. Re3 Rbc8 27. Nd3 Rxc1+ 28. Nxc1 Nd6 29. b3 Rc8 30. Nd3 f6 31. f4 Rc3 32. fxe5 fxe5 33. Kf2 Nf5 34. Be4 Nxe3 35. Kxe3 Kf6 36. Kd2 Rc8 37. Nf2 Bf5 38. Bf3 Ke7 39. Ne4 b6 40. Nc3 a6 41. a4 Kd6 42. Be2 Ra8 43. Bc4 e4 44. Ke3 Ke5 45. Ne2 Bd7 46. Nf4 b5 47. axb5 axb5 48. Be2 Ra3 49. Nxg6+ Kxd5 50. Nf4+ Ke5 51. Bd1 Bg4 52. Bc2 Bf3 53. Ng6+ Kf6 54. Nf4 Ke5 55. Ng6+ Kf5 56. Nf4 Ra2 57. Kd2 Ke5 58. Kc3 b4+ 59. Kd2 Bg4 60. Kc1 Ra1+ 61. Kb2 Rg1 62. Ng6+ Kd4 63. Nf4 Rxg3 64. Kc1 Rg1+ 65. Kb2 Rf1 66. Ng6 e3 0-1


[Site "https://www.chess.com"]

[Event "Titled Tuesday Blitz November 16 2021"]
[White "Erdogdu, Mert"]
[Black "Ibrahimli, Murad"]
[WhiteFideId "6301495"]
[BlackFideId "13410229"]
[WhiteElo "2485"]
[BlackElo "2109"]
[Result "1/2-1/2"]
[Round "07"]
[TimeControl "180+1"]
[Date "2021.11.16"]
[WhiteClock "0:00:06"]
[BlackClock "0:00:13"]

1. e4 c5 2. Nf3 d6 3. d4 cxd4 4. Nxd4 Nf6 5. Nc3 a6 6. Be3 e6 7. f3 h5 8. Be2 Be7 9. a4 Bd7 10. O-O Nc6 11. Nb3 b6 12. Qd2 Qc7 13. Rfd1 h4 14. Qe1 Bc8 15. Qf2 Nd7 16. Nd2 Na5 17. Bd4 Kf8 18. Rac1 Bb7 19. f4 Bf6 20. Bxf6 Nxf6 21. Nf3 Nxe4 22. Nxe4 Bxe4 23. Qd4 Bxf3 24. Bxf3 Rd8 25. b4 Nb7 26. Rd3 d5 27. Rc3 Qd6 28. Qe5 f6 29. Qxd6+ Nxd6 30. Rc6 Ke7 31. Rxb6 Rb8 32. Rxa6 Rxb4 33. Ra1 Rc8 34. Ra7+ Rb7 35. Rxb7+ Nxb7 36. a5 Nc5 37. a6 Ra8 38. a7 Kd6 39. c4 Kc6 40. cxd5+ exd5 41. Kf2 Kb6 42. Bxd5 Rxa7 43. Rxa7 Kxa7 44. Kf3 Kb6 45. Kg4 Nd3 46. Bc4 Ne1 47. Bf1 Kc5 48. Kxh4 Kd6 49. Kh5 Ke7 50. Kg6 Kf8 51. h4 Nc2 52. g4 Ne3 53. Be2 Ng2 54. Kf5 Nxh4+ 55. Ke4 g5 56. fxg5 fxg5 57. Bd1 Ke7 58. Be2 Kf6 59. Bd1 Ng6 60. Be2 Ne7 61. Ba6 Nc6 62. Bc8 Nd8 63. Bd7 Nf7 64. Kd5 Ne5 65. Bf5 Nf3 66. Ke4 Nh4 67. Bd7 Ke7 68. Bf5 Kf6 69. Bc8 Ng2 70. Kf3 Nf4 71. Ke3 Nd5+ 72. Kf3 Ne7 73. Bd7 Ke5 74. Ba4 Ng6 75. Bd7 Nf8 76. Bc8 Ng6 77. Bf5 Nf4 78. Ke3 Nd5+ 79. Kf3 Kd4 80. Bc8 Ne7 81. Bb7 Ng6 82. Bc8 Ne5+ 83. Kg3 Ke3 84. Bf5 Nc4 85. Be6 Nd6 86. Bd7 Ne4+ 87. Kg2 Kf4 88. Be6 Nf6 89. Bc8 Nxg4 90. Kg1 Ne5 91. Kg2 Nd3 92. Kh2 Ne1 93. Kg1 Nf3+ 94. Kf2 Nd4 95. Kg2 Nb5 96. Bd7 Nd6 97. Be6 Nb7 98. Bd7 Nc5 99. Bc8 Ne4 100. Bd7 Ng3 101. Bc8 Nh5 102. Bd7 Nf6 103. Bc8 Ne4 104. Bd7 Nd2 105. Bc8 Nb1 106. Bd7 Nc3 107. Bc8 Nd1 108. Bd7 Ne3+ 109. Kf2 Nc2 110. Kg2 Na3 111. Bc8 Nc4 112. Bd7 Nb6 113. Be6 Ke5 114. Bh3 Nd5 115. Kg3 Nf6 116. Bc8 Ke4 117. Be6 Ke5 118. Bc8 Kd6 119. Bf5 Ke7 120. Bc8 Kf8 121. Bf5 Kg7 122. Bc8 Kg6 123. Be6 Ne4+ 124. Kg4 Kf6 125. Bc8 Nf2+ 126. Kf3 Nd3 127. Kg3 Ne5 128. Bh3 Nc6 129. Bc8 Nd4 130. Bd7 Ne2+ 131. Kf2 Nf4 132. Kg3 Ke7 133. Bc8 Kf7 134. Kg4 Kf6 135. Kg3 Ng6 136. Bd7 Ne5 137. Bc8 Kg6 138. Be6 Kg7 139. Bc8 Kf6 1/2-1/2


[Site "https://www.chess.com"]

[Event "Titled Tuesday Blitz November 16 2021"]
[White "FGHSMN"]
[Black "Weetik, Vjacheslav"]
[BlackFideId "4153472"]
[WhiteElo "2686"]
[BlackElo "2469"]
[Result "1/2-1/2"]
[Round "07"]
[TimeControl "180+1"]
[Date "2021.11.16"]
[WhiteClock "0:00:29"]
[BlackClock "0:00:15"]

1. e4 c6 2. d4 d5 3. Nc3 dxe4 4. Nxe4 Nf6 5. Nxf6+ exf6 6. c3 Bd6 7. Bd3 O-O 8. Qc2 Re8+ 9. Ne2 h5 10. O-O h4 11. Bf4 h3 12. g3 Bf8 13. Rae1 Nd7 14. Be3 Nb6 15. c4 Bg4 16. b3 Qd7 17. Nc3 Bb4 18. f3 Rxe3 19. Rxe3 Qxd4 20. Qf2 Bc5 21. Rfe1 Be6 22. Ne4 Bb4 23. Rd1 Rd8 24. Re2 Kf8 25. Qxd4 Rxd4 26. Kf1 Nd7 27. Bc2 c5 28. Rxd4 cxd4 29. Nf2 Ne5 30. Be4 b6 31. Nd3 Nxd3 32. Bxd3 Bc3 33. g4 g6 34. Kf2 Kg7 35. Kg3 g5 36. Kxh3 Kf8 37. Kg3 Bb4 38. h4 Bd6+ 39. Kh3 Bf4 40. h5 Kg7 41. b4 Be3 42. c5 bxc5 43. bxc5 Bd5 44. Be4 Bc4 45. Re1 Bf4 46. c6 d3 47. Rd1 d2 48. c7 Bxc7 49. Rxd2 Bf1+ 50. Rg2 Bf4 51. Bd5 Bxg2+ 52. Kxg2 Bd6 53. Kf2 Bc5+ 54. Ke2 Bb6 55. Kd3 Bf2 56. Ke4 Bb6 57. Kf5 Bd4 58. Bc4 Bc3 59. Bb3 Bb2 60. Ke4 Bc3 61. Kd5 Be1 62. a4 Bf2 63. a5 Be3 64. a6 Bf2 65. Ke4 Bb6 66. Kf5 Bd8 67. Bd5 Be7 68. Bc4 Bd8 69. Ke4 Bc7 70. Kd5 Bb6 71. Kc6 Be3 72. Kd7 Bd4 73. Ke8 Bc3 74. Bxf7 Bd4 75. Be6 Bc3 76. Kd7 Bd4 77. Kc6 Be3 78. Kd5 Bb6 79. Ke4 Bc7 80. Kf5 Bf4 81. Bd5 Bc7 82. Ke6 Bf4 83. Kd7 Be5 84. Kc6 Bf4 85. Be4 Be5 86. Kb7 Bd4 87. Bf5 Be3 88. Kc6 Bd4 89. Kd5 Bb6 90. Ke4 Bc7 91. Bd7 Bf4 92. Kf5 Bc7 93. h6+ Kxh6 94. Kxf6 Bf4 95. Kf5 Bc1 96. Be6 Bf4 97. Ke4 Bc7 98. Kd5 Bf4 99. Kc6 Be3 100. Kb7 Bd4 101. Bd5 Bb6 102. f4 gxf4 103. Bf3 Kg5 104. Kc6 Kh4 105. Kd5 Kg3 106. Ke4 Kh4 107. Kxf4 Bc7+ 108. Kf5 Bd8 109. Be4 Bg5 110. Bd5 Bd8 111. Be6 Bg5 112. Ke5 Bd8 113. Kd4 Kg5 114. Kc5 Bb6+ 115. Kc6 Bg1 116. Kb7 Bf2 117. Kc6 Bg1 118. Kd5 Bf2 119. Ke4 Bb6 120. Bc8 Bc7 121. Kd5 Bb6 122. Kc6 Bf2 123. Bf5 Bg1 124. Kd5 Bf2 125. Ke4 Bb6 126. Kf3 Bc5 127. Ke4 Bb6 128. Kd5 Bf2 129. Kc6 Bg1 130. Kb7 Bb6 131. Bc8 Bg1 132. Bf5 Bb6 133. Bc8 Bg1 134. Bf5 1/2-1/2


[Site "https://www.chess.com"]

[Event "Titled Tuesday Blitz November 16 2021"]
[White "Gabrielian, Artur"]
[Black "Drygalov, Andrey"]
[WhiteFideId "4131002"]
[BlackFideId "24171735"]
[WhiteElo "2440"]
[BlackElo "2540"]
[Result "0-1"]
[Round "07"]
[TimeControl "180+1"]
[Date "2021.11.16"]
[WhiteClock "0:00:06"]
[BlackClock "0:00:07"]

1. e4 c5 2. Nf3 d6 3. d4 cxd4 4. Nxd4 Nf6 5. Nc3 a6 6. h3 e5 7. Nde2 h5 8. Bg5 Be6 9. Bxf6 Qxf6 10. Nd5 Qd8 11. Qd3 g6 12. O-O-O Nd7 13. Kb1 Bh6 14. g3 Nc5 15. Qf3 O-O 16. g4 h4 17. Nec3 Bg5 18. a3 b5 19. Qe2 Kg7 20. f4 exf4 21. Bg2 Rb8 22. Rhf1 Nd7 23. Nxf4 Bxf4 24. Rxf4 Ne5 25. Nd5 a5 26. Ne3 Qg5 27. Qf2 b4 28. a4 b3 29. c3 Rfd8 30. Bf1 Kh7 31. Bb5 Kg8 32. Nf5 Bc4 33. Bxc4 Nxc4 34. Rd5 Ne5 35. Nxd6 Qe7 36. Qd4 Nc6 37. Rxf7 Qxf7 38. Nxf7 Nxd4 39. Nxd8 Ne2 40. Nc6 Rf8 41. Rd1 Nf4 42. e5 Re8 43. Nxa5 Nxh3 44. Nc6 Nf2 45. Rf1 Nxg4 46. a5 h3 47. a6 h2 48. Rh1 Kf7 49. a7 Ra8 50. Kc1 Ke6 51. Kd2 Kd5 52. Ne7+ Kxe5 53. Nxg6+ Ke4 54. Re1+ Kf3 55. Nh4+ Kf2 56. Re2+ Kg3 57. Nf5+ Kf4 58. Rxh2 Nxh2 59. Ne7 Rxa7 60. Nd5+ Ke5 61. Nb4 Rd7+ 62. Ke3 Ng4+ 63. Kf3 Nf6 64. Ke3 Nd5+ 0-1


[Site "https://www.chess.com"]

[Event "Titled Tuesday Blitz November 16 2021"]
[White "Gubajdullin, Alexei"]
[Black "Xiong, Jeffery"]
[WhiteFideId "4141202"]
[BlackFideId "2047640"]
[WhiteElo "2268"]
[BlackElo "2699"]
[Result "0-1"]
[Round "07"]
[TimeControl "180+1"]
[Date "2021.11.16"]
[WhiteClock "0:00:01"]
[BlackClock "0:00:59"]

1. d4 Nf6 2. Nf3 g6 3. Bf4 Bg7 4. e3 O-O 5. Be2 c5 6. c3 Qb6 7. Qb3 d6 8. O-O Be6 9. Qxb6 axb6 10. a3 Nc6 11. Nbd2 h6 12. h3 Rfc8 13. Rfe1 Nd5 14. Bg3 Nc7 15. Rac1 g5 16. Bc4 Bxc4 17. Nxc4 Ra6 18. Ncd2 f5 19. h4 Bf6 20. hxg5 hxg5 21. Kf1 Kf7 22. Ke2 e5 23. Nc4 Ke6 24. dxe5 dxe5 25. Rcd1 Ne8 26. Rh1 b5 27. Ncd2 Nd6 28. Rh6 Rg8 29. Nb3 Ne4 30. Nfd2 Nxg3+ 31. fxg3 b6 32. g4 Ne7 33. gxf5+ Nxf5 34. Ne4 Nxh6 35. Rd6+ Ke7 36. Rxf6 Ng4 37. Rc6 Ra4 38. Nbd2 Rb8 39. Rg6 Raa8 40. Kf3 Nh2+ 41. Kg3 Rh8 42. Rxb6 Rh4 43. Nxc5 Rah8 44. Rb7+ Kd6 45. Nde4+ Kc6 46. Rf7 Rg4+ 47. Kf2 Rd8 48. Rf6+ Kd5 49. Kg1 Rxe4 50. Nxe4 Ng4 51. Rg6 Kxe4 52. g3 Kf3 0-1


[Site "https://www.chess.com"]

[Event "Titled Tuesday Blitz November 16 2021"]
[White "Gurvich, Vitaly"]
[Black "Preotu, Razvan"]
[WhiteFideId "24164852"]
[BlackFideId "2613280"]
[WhiteElo "2275"]
[BlackElo "2407"]
[Result "1-0"]
[Round "07"]
[TimeControl "180+1"]
[Date "2021.11.16"]
[WhiteClock "0:00:06"]
[BlackClock "0:00:01"]

1. b3 e5 2. Bb2 Nc6 3. e3 Nf6 4. Bb5 Bd6 5. Na3 Na5 6. Be2 a6 7. c4 O-O 8. Nc2 Re8 9. Nf3 Nc6 10. d4 exd4 11. Nfxd4 Nxd4 12. Bxd4 Qe7 13. g3 Be5 14. O-O d6 15. Bf3 Bh3 16. Bg2 Bxg2 17. Kxg2 Rad8 18. Qf3 c5 19. Rae1 Qc7 20. Bxe5 dxe5 21. e4 Qa5 22. a4 Qd2 23. Ne3 Rd4 24. Rd1 Qb2 25. Nf5 Qc2 26. Nxd4 cxd4 27. Rfe1 a5 28. c5 Qxc5 29. Rc1 Qb4 30. Red1 Qb6 31. Rc4 h5 32. h3 g6 33. Qd3 Kg7 34. Rdc1 Re7 35. Rc8 Rd7 36. R1c5 Qe6 37. Rxa5 h4 38. g4 Nh7 39. Raa8 Ng5 40. Qd2 Nxe4 41. Rg8+ Kf6 42. Qh6 Qd5 43. Kg1 Nc3 44. Qxh4+ Ke6 45. Rge8+ Kd6 46. Qf6+ Kc5 47. Ra5+ b5 48. Rxe5 Kb4 49. Rxd5 Rxd5 50. Ra7 d3 51. Qf4+ Kxb3 52. Qd2 bxa4 53. Rb7+ Nb5 54. Kg2 a3 55. Re7 a2 56. Re1 Nc3 57. Rc1 Nb1 58. Qd1+ Kb2 59. Rc4 a1=Q 60. Rb4+ Kc3 61. Qb3+ Kd2 62. Qxd5 Nc3 63. Qg5+ Kc2 64. Rd4 Qa8+ 65. f3 Qe8 66. Qf4 Qe2+ 67. Kg3 d2 68. Rxd2+ Qxd2 69. Qxd2+ Kxd2 70. Kf4 Ke2 71. h4 Nd5+ 72. Ke5 Kxf3 73. h5 gxh5 74. gxh5 Kg4 75. h6 Ne7 76. h7 f5 77. Kf6 1-0


[Site "https://www.chess.com"]

[Event "Titled Tuesday Blitz November 16 2021"]
[White "Dronavalli, Harika"]
[Black "Tsydypov, Zhamsaran"]
[WhiteFideId "5015197"]
[BlackFideId "4108566"]
[WhiteElo "2422"]
[BlackElo "2614"]
[Result "0-1"]
[Round "07"]
[TimeControl "180+1"]
[Date "2021.11.16"]
[WhiteClock "0:00:29"]
[BlackClock "0:02:01"]

1. Nf3 Nf6 2. d4 d5 3. Bf4 Nc6 4. e3 a6 5. a3 Bg4 6. h3 Bh5 7. c4 e6 8. Nc3 Bd6 9. Bg5 dxc4 10. g4 Bg6 11. e4 Be7 12. Bxf6 Bxf6 13. e5 Be7 14. Bxc4 h5 15. Rg1 hxg4 16. hxg4 Rh3 17. Be2 Qd7 18. d5 exd5 19. Qxd5 O-O-O 20. Qxd7+ Rxd7 21. Rd1 Rxd1+ 22. Kxd1 Bc5 23. Ke1 Nd4 24. Nxd4 Bxd4 25. g5 Kd8 26. e6 fxe6 27. Bf1 Bxc3+ 28. bxc3 Rxc3 29. Kd2 Rxa3 30. Bc4 Ke7 31. Re1 Bf5 32. Rh1 b5 33. Be2 c5 34. Rh8 c4 35. Rc8 Kd7 36. Rc5 Kd6 37. Rc8 Ke5 38. Rg8 g6 39. Rc8 Kf4 0-1


[Site "https://www.chess.com"]

[Event "Titled Tuesday Blitz November 16 2021"]
[White "Horobetz, Graham"]
[Black "Remizov, Yaroslav"]
[WhiteFideId "2047322"]
[BlackFideId "34134015"]
[WhiteElo "2612"]
[BlackElo "2325"]
[Result "1-0"]
[Round "07"]
[TimeControl "180+1"]
[Date "2021.11.16"]
[WhiteClock "0:00:12"]
[BlackClock "0:00:04"]

1. e4 Nc6 2. Nf3 d6 3. Bb5 a6 4. Ba4 Nf6 5. d3 Bg4 6. c3 e6 7. h3 Bh5 8. Be3 Be7 9. Nbd2 O-O 10. O-O d5 11. Qe2 Ne5 12. g4 Nxf3+ 13. Qxf3 Bg6 14. Bc2 dxe4 15. dxe4 Nd7 16. Qe2 Bc5 17. f4 Qh4 18. Kg2 Bxe3 19. Qxe3 f5 20. exf5 exf5 21. g5 Rae8 22. Qg3 Qxg3+ 23. Kxg3 Re2 24. Rf2 Rfe8 25. Rxe2 Rxe2 26. Rd1 Nc5 27. Nb3 Ne4+ 28. Bxe4 fxe4 29. f5 Re3+ 30. Kg4 h5+ 31. gxh6 Bf7 32. hxg7 Kxg7 33. Rd7 Re2 34. Nc5 Rxb2 35. Nxe4 Rxa2 36. Ng5 Rg2+ 37. Kf4 Rxg5 38. Kxg5 a5 39. Rxc7 b5 40. f6+ Kf8 41. Rc8+ Be8 42. Ra8 a4 43. h4 Kf7 44. Ra7+ Kg8 45. h5 Kf8 46. h6 Kg8 47. Ra8 Kh8 48. Rxe8+ Kh7 49. Re7+ Kg8 50. Kg6 Kf8 51. h7 b4 52. h8=Q# 1-0


[Site "https://www.chess.com"]

[Event "Titled Tuesday Blitz November 16 2021"]
[White "Kislov, Oleg"]
[Black "Costachi, Mihnea"]
[WhiteFideId "13503774"]
[BlackFideId "1217518"]
[WhiteElo "2252"]
[BlackElo "2482"]
[Result "1-0"]
[Round "07"]
[TimeControl "180+1"]
[Date "2021.11.16"]
[WhiteClock "0:00:19"]
[BlackClock "0:00:22"]

1. e4 e5 2. Nf3 Nc6 3. d4 exd4 4. Nxd4 Nf6 5. Nc3 Bb4 6. Nxc6 bxc6 7. Bd3 d5 8. exd5 O-O 9. O-O cxd5 10. Bg5 c6 11. Qf3 Bd6 12. Rfe1 Rb8 13. b3 Bb4 14. Bd2 Bg4 15. Qf4 Bd6 16. Qg5 Be6 17. Qh4 Rb4 18. f4 h6 19. h3 Be7 20. Qf2 Nd7 21. Na4 Nb6 22. Bxb4 Bxb4 23. c3 Bd6 24. Nc5 Bc8 25. b4 Qf6 26. Qd4 Qxf4 27. Qxf4 Bxf4 28. Re7 Bd2 29. Rxa7 Bxc3 30. Rb1 Nc4 31. a4 Nd2 32. Rc1 Bxb4 33. a5 Nc4 34. Nb3 Be6 35. a6 Na5 36. Nxa5 Bxa5 37. Rb7 Bc8 38. Rxc6 Bxb7 39. axb7 Bd2 40. Rc8 Bf4 41. Bh7+ Kxh7 42. Rxf8 Kg6 43. b8=Q Bxb8 44. Rxb8 1-0


[Site "https://www.chess.com"]